 Dungeon Crawl Stone Soup version 0.23.2-40-g277498a001 (webtiles) character file.

Game seed: 8758233720784852909

1133 MalarOregon the Skirmisher (level 8, -1/70 HPs)
             Began as a Black Draconian Abyssal Knight on Sept 19, 2019.
             Was a Priest of Lugonu.
             Slain by a killer bee (7 damage)
             ... on level 5 of the Dungeon.
             The game lasted 00:06:25 (5329 turns).

MalarOregon the Skirmisher (DrAK)                   Turns: 5329, Time: 00:06:26

Health: -1/70      AC:  6    Str: 15    XL:     8   Next: 14%
Magic:  12/12      EV: 15    Int: 12    God:    Lugonu [***...]
Gold:   75         SH:  0    Dex: 15    Spells: 7/7 levels left

rFire    + . .     SeeInvis .   a - +3 falchion (venom)
rCold    . . .     Gourm    .   (no shield)
rNeg     . . .     Faith    .   (armour unavailable)
rPois    .         Spirit   .   (helmet restricted)
rElec    +         Reflect  .   (no cloak)
rCorr    .         Harm     .   (no gloves)
MR       .....                  (no boots)
Stlth    +.........             (no amulet)
HPRegen  0.21/turn              h - +2 ring of dexterity
MPRegen  0.13/turn              i - ring of protection from fire

@: lethally poisoned (-1 -> -8), short of breath
A: breathe lightning, unfitting armour, electricity resistance, cold-blooded, AC
+6
a: Breathe Lightning, Depart the Abyss, Bend Space, Banish, Renounce Religion


You were on level 5 of the Dungeon.
You worshipped Lugonu.
Lugonu was most pleased with you.
You were not hungry.

You visited 1 branch of the dungeon, and saw 6 of its levels.
You visited the Abyss 1 time.

You collected 249 gold pieces.
You spent 174 gold pieces at shops.

Inventory:

Hand Weapons
 a - a +3 falchion of venom (weapon)
   (You bought it in a shop on level 4 of the Dungeon)
Armour
 l - a +0 pair of gloves
   (You found it on level 2 of the Dungeon)
 s - a +0 pair of boots
   (You found it on level 5 of the Dungeon)
Jewellery
 h - a +2 ring of dexterity (left hand)
   (You found it on level 2 of the Dungeon)
 i - a ring of protection from fire (right hand)
   (You found it on level 4 of the Dungeon)
Wands
 c - a wand of disintegration (11)
   (You found it on level 4 of the Dungeon)
 d - a wand of iceblast (7)
   (You found it on level 5 of the Dungeon)
Scrolls
 g - 2 scrolls of remove curse {unknown}
 j - 3 scrolls of teleportation {unknown}
 k - 2 scrolls of enchant armour {unknown}
 n - a scroll of magic mapping {unknown}
 o - a scroll of enchant weapon {unknown}
 p - a scroll of blinking {unknown}
 q - 5 scrolls of identify {unknown}
 r - 2 scrolls of amnesia {unknown}
 x - a scroll of fog {unknown}
Potions
 b - 2 potions of curing {unknown}
 f - a potion of agility {unknown}
 m - a potion of flight {unknown}
 t - a potion of degeneration {unknown}
 u - a potion of magic {unknown}
 v - a potion of brilliance {unknown}
Comestibles
 e - 10 rations {!d}


   Skills:
 + Level 6.2 Fighting
 + Level 5.1 Long Blades
 + Level 4.8 Dodging
 + Level 5.5 Invocations


You had 7 spell levels left.
You didn't know any spells.
Your spell library contained the following spells:

 Spells                   Type           Power        Failure   Level  Hunger
 Beastly Appendage        Tmut           #.....       32%         1    ##.....
 Freeze                   Ice            #...         32%         1    ##.....
 Sandblast                Erth           #.....       32%         1    ##.....
 Passwall                 Tmut/Erth      #.......     45%         2    ###....
 Sticks to Snakes         Tmut           #.......     45%         2    ###....
 Throw Frost              Conj/Ice       #.....       45%         2    ###....
 Ozocubu's Armour         Chrm/Ice       #.......     69%         3    ####...
 Spider Form              Tmut/Pois      #.........   69%         3    ####...
 Stone Arrow              Conj/Erth      #.....       69%         3    ####...
 Ice Form                 Ice/Tmut       #.......     97%         4    #####..
 Petrify                  Tmut/Erth      #.......     97%         4    #####..
 Summon Ice Beast         Ice/Summ       #.......     97%         4    #####..
 Throw Icicle             Conj/Ice       #.......     97%         4    #####..
 Blade Hands              Tmut           #.........   100%        5    ######.
 Lee's Rapid Deconstruct  Erth           #.........   100%        5    ######.


Dungeon Overview and Level Annotations

Branches:
Dungeon (6/15)             Temple (0/1) D:5

Altars:
The Shining One

Shops:
D:4 (


Innate Abilities, Weirdness & Mutations

You can breathe wild blasts of lightning.
Your glossy black scales are hard. (AC +6)
You cannot fit into any form of body armour.
You are resistant to electric shocks. (rElec)
You are cold-blooded and may be slowed by cold attacks.


Message History

The killer bee poisons you!
The killer bee barely misses you. x2; You riposte.
You miss the killer bee. The killer bee barely misses you.
You riposte.
You barely miss the killer bee.
You feel sick. The killer bee misses you. The killer bee barely misses you.
You riposte.
You hit the killer bee. The killer bee misses you.
You feel sick.
The killer bee stings you but does no damage.
The killer bee misses you.
You feel sick. The killer bee stings you.
* * * LOW HITPOINT WARNING * * *
You are more poisoned.
The killer bee poisons you! The killer bee stings you!
* * * LOW HITPOINT WARNING * * *
You feel sick. The killer bee stings you!
* * * LOW HITPOINT WARNING * * *
The killer bee misses you.
You riposte.
You hit the killer bee but do no damage.
The killer bee misses you.
You riposte.
You miss the killer bee.
There is a stone staircase leading up here.
You feel sick. The killer bee stings you.
* * * LOW HITPOINT WARNING * * *
The killer bee closely misses you. x2; The killer bee stings you.
* * * LOW HITPOINT WARNING * * *
You climb upwards.
There is a stone staircase leading down here.
Unknown command.
Unknown command.
You breathe a wild blast of lightning!
You hear a mighty clap of thunder!
The bolt of lightning misses the killer bee.
You hear a mighty clap of thunder!
The bolt of lightning misses you.
The bolt of lightning hits you but does no damage.
The bolt of lightning hits the killer bee.
You feel somewhat more hungry.
You feel sick. The killer bee barely misses you.
You riposte.
You closely miss the killer bee.
Your tail-slap misses the killer bee.
The killer bee closely misses you.
You riposte.
You slash the killer bee!
The killer bee is poisoned.
The killer bee misses you. The killer bee barely misses you.
You hit the killer bee.
The killer bee looks as sick as possible!
You feel sick.
The killer bee stings you but does no damage.
The killer bee stings you.
* * * LOW HITPOINT WARNING * * *
You are lethally poisoned!
The killer bee poisons you! The killer bee barely misses you.
You riposte.
You hit the killer bee.
The killer bee is poisoned.
The killer bee stings you!
You die...

#....)[.............
#.###)###.#########.
#.# #.# #.# #. #.#
#.# #.# #. #.# #.#
#.# #. #.# #.# #.#
#. #.# #.# #.# #.
#.###.###.#########.
#.y@y............##.
#####.####.#####.##.
#.# #.# #.#.. #.#
#.# #.... ###.# #.#
#....
##.#.####.#####....
#..................
##.#.........##....
#.####.####.##[...


You could see 2 killer bees.

Vanquished Creatures
  A hippogriff (D:4)
  2 phantoms
  An ogre (D:3)
  2 howler monkeys (D:4)
  3 hounds
  A bullfrog skeleton (D:4)
  A centaur zombie (D:6)
  2 orc priests
  6 orc wizards
  3 worker ants
  6 adders
  2 oozes (D:3)
  2 adder skeletons
  3 worms
  5 dart slugs
  2 leopard geckos (D:3)
  13 orcs
  2 ball pythons
  4 bats
  2 giant cockroaches
  2 goblins
  13 hobgoblins
  9 jackals
  6 kobolds
  2 quokkas
  2 frilled lizards
  A jackal skeleton (D:4)
  5 rats
103 creatures vanquished.

Notes
Turn   | Place    | Note
-------+----------+-------------------------------------------
     0 | Abyss:1  | MalarOregon the Draconian Abyssal Knight began the quest
                  | for the Orb.
     0 | Abyss:1  | Reached XP level 1. HP: 19/19 MP: 2/2
    66 | Abyss:1  | Noticed a worldbinder
    67 | D:1      | Escaped the Abyss
   284 | D:1      | Reached XP level 2. HP: 23/26 MP: 3/3
   358 | D:1      | Reached * piety under Lugonu
   792 | D:1      | Reached XP level 3. HP: 33/33 MP: 4/4
  1214 | D:2      | HP: 1/33 [poisoned by an adder]
  1610 | D:3      | Reached XP level 4. HP: 38/40 MP: 6/6
  1905 | D:3      | Reached skill level 4 in Fighting
  2431 | D:3      | Reached XP level 5. HP: 46/46 MP: 7/7
  2567 | D:3      | Found a glowing golden altar of the Shining One.
  2628 | D:3      | Reached ** piety under Lugonu
  3149 | D:4      | Noticed an ogre
  3304 | D:3      | Killed an ogre
  3304 | D:3      | Reached XP level 6. HP: 26/53 MP: 8/8
  3786 | D:4      | Found Haghiv's Antique Weapon Shoppe.
  3788 | D:4      | Noticed a hippogriff
  3801 | D:4      | HP: 1/55 [hippogriff (3)]
  3802 | D:4      | Killed a hippogriff
  3802 | D:4      | Reached skill level 5 in Fighting
  3802 | D:4      | Your scales start taking on a glossy black colour.
  3802 | D:4      | Reached XP level 7. HP: 1/61 MP: 10/10
  3802 | D:4      | Gained mutation: You are resistant to electric shocks.
                  | (rElec) [Black Draconian growth]
  4005 | D:4      | Bought a runed falchion for 174 gold pieces
  4351 | D:5      | Entered Level 5 of the Dungeon
  4518 | D:5      | Reached skill level 5 in Invocations
  4661 | D:5      | Found a staircase to the Ecumenical Temple.
  4884 | D:5      | Reached *** piety under Lugonu
  4889 | D:5      | Reached skill level 6 in Fighting
  4889 | D:5      | Reached skill level 5 in Long Blades
  5180 | D:6      | Reached XP level 8. HP: 31/70 MP: 12/12
  5329 | D:5      | Slain by a killer bee

Skill      XL: |  1  2  3  4  5  6  7 |
---------------+----------------------+-----
Fighting       | 4 5 6 |  6.2
Invocations    | 3 4 5 |  5.5
Long Blades    | 3 4 5 |  5.1
Dodging        | 3 4 |  4.8

Action                   |  1- 3 |  4- 6 |  7- 9 || total
-------------------------+-------+-------+-------++-------
Melee: Falchion          |    96 |   149 |   124 ||   369
       Tailslap          |    13 |    26 |    24 ||    63
Invok: Depart the Abyss  |     1 |       |       ||     1
       Bend Space        |       |     3 |       ||     3
 Abil: Breathe Lightning |       |       |     1 ||     1
Evoke: Wand              |       |     4 |     1 ||     5
 Stab: Sleeping          |     2 |     1 |       ||     3
  Eat: Chunk             |     1 |     8 |     2 ||    11
       Ration            |       |       |     1 ||     1
Armor: Skin              |    28 |    46 |    27 ||   101
Dodge: Dodged            |    62 |   137 |    98 ||   297
       Rpst.: Falchion   |    21 |    43 |    35 ||    99
